 Dungeon Crawl Stone Soup version 0.19-a0-854-gc78d25d (webtiles) character file.

1955 Implojin the Cleaver (level 8, -1/111 HPs)
             Began as a Minotaur Berserker on July 2, 2016.
             Was a Believer of Trog.
             Slain by an orc warrior
             ... wielding a +0 battleaxe
              (8 damage)
             ... on level 8 of the Dungeon.
             The game lasted 00:09:34 (1255 turns).

Implojin the Cleaver (Minotaur Berserker)           Turns: 1255, Time: 00:09:34

Health: -1/111     AC: 26    Str: 23    XL:     8   Next: 99%
Magic:  7/7        EV:  2    Int:  4    God:    Trog [**....]
Gold:   113        SH:  0    Dex: 11    Spells: 0 memorised, 7 levels left

rFire  . . .     SeeInvis .     m - +2 broad axe
rCold  . . .     Gourm    .     (armour currently unavailable)
rNeg   + + +     Faith    .     (no shield)
rPois  +         Spirit   .     (helmet currently unavailable)
rElec  .         Dismiss  .     (cloak currently unavailable)
rCorr  .         Reflect  .     (gloves currently unavailable)
SustAt +         Harm     .     (boots currently unavailable)
MR     ++...     NoTele   +     y - amulet of rage
Stlth  +.........               A - +2 ring of protection
                                n - ring of sustain attributes

@: lethally poisoned (-1 -> -1), exhausted, tree-form, very slightly
contaminated, starving, regenerating, hasted and slowed, invisible (expiring),
very resistant to hostile enchantments, very unstealthy
A: (retaliatory headbutt), (horns 0)
a: Berserk, Trog's Hand, Burn Spellbooks, Renounce Religion, Evoke Berserk Rage


You were on level 8 of the Dungeon.
You worshipped Trog.
Trog was pleased with you.
You were starving.
You were a tree.
You visited 1 branch of the dungeon, and saw 9 of its levels.

You collected 113 gold pieces.

Inventory:

Hand Weapons
 a - a +0 hand axe
 m - a +2 broad axe (weapon)
Missiles
 g - 6 tomahawks (quivered)
 k - 2 throwing nets
Armour
 b - a +0 animal skin
 f - a +0 leather armour
 h - a +0 chain mail
 i - a +0 cloak (melded)
 p - a +0 plate armour (melded)
 u - a +2 pair of gloves (melded)
Jewellery
 l - an uncursed ring of flight
 n - a ring of sustain attributes (left branch)
 y - an amulet of rage (around neck)
 A - a +2 ring of protection (right branch)
Scrolls
 e - a scroll of magic mapping
 o - a scroll of fog {unknown}
 s - 2 scrolls of remove curse
 v - a scroll of enchant armour {unknown}
Potions
 q - 2 potions of haste
Comestibles
 c - 4 bread rations
 d - 4 meat rations
 t - 4 chunks of flesh
 z - a slice of pizza


   Skills:
 * Level 8.3 Fighting
 - Level 12.1 Axes
 - Level 2.4 Armour
 - Level 2.1 Dodging


You had 7 spell levels left.
You didn't know any spells.

Dungeon Overview and Level Annotations

Branches:
Dungeon (9/15)             Temple (0/1) D:6
   Lair: D:8-11         Orc: D:9-12

Altars:

Annotations:
D:8 Akett's ghost, novice DgSk


Innate Abilities, Weirdness & Mutations

((You reflexively headbutt those who attack you in melee.))
((You have a pair of horns on your head.))


Message History

You hit Akett's ghost but do no damage.
You flicker for a moment.
The killer bee stings you but does no damage. x2
Akett's ghost screams, "I'll kill anyone who wants the ORB!"
Akett's ghost hits you but does no damage.
The ogre hits you but does no damage.
The orc warrior hits you with a battleaxe.
* * * LOW HITPOINT WARNING * * *
Unknown command.
The killer bee buzzes angrily.
You slash the ogre!
The ogre is almost dead.
You miss the killer bee. You hit the orc warrior.
You closely miss Akett's ghost.
The killer bee stings you but does no damage.
Akett's ghost hits you but does no damage.
Unknown command.
You slice the ogre!!
You kill the ogre!
Trog accepts your kill.
You closely miss the killer bee.
You catch the helpless orc warrior completely off-guard!
You hit the orc warrior. You barely miss Akett's ghost.
The killer bee stings you but does no damage.
The orc warrior hits you but does no damage.
The killer bee stings you but does no damage.
Akett's ghost hits you.
* * * LOW HITPOINT WARNING * * *
Your skin crawls.
You feel resistant to hostile enchantments.
You are starving!
You feel sick.
The killer bee stings you but does no damage.
The killer bee stings you.
* * * LOW HITPOINT WARNING * * *
The killer bee stings you.
* * * LOW HITPOINT WARNING * * *
Akett's ghost hits you but does no damage.
The orc warrior hits you with a battleaxe!
You die...

*******,,.,,,,,,,*
*.....# *.y........*
#.####* *#.......)#* ***
##..".....## #..........#
*####......o...#
*......oy%.....#*********
*......oWyZ.....,,,,,,,,>
*.....sy♣y.....#*********
*......†......##
*######......## ########


You could see an orc warrior, a scorpion, 5 killer bees, an orc wizard, Akett's
ghost, an orc and an adder zombie (wandering).

Vanquished Creatures
  A merfolk (D:9)
  An orc warrior (D:6)
  An ice beast (D:7)
  2 ogres (D:8)
  3 centaurs
  A giant frog (D:8)
  2 wyvern skeletons
  A wyvern zombie (D:7)
  2 scorpions
  A water moccasin skeleton (D:7)
  6 killer bees (D:8)
  5 wights (D:7)
  A howler monkey (D:8)
  2 crimson imps
  3 orc priests
  A worker ant (D:8)
  An orc wizard (D:4)
  An adder (D:2)
  A shadow imp (D:9)
  A giant gecko (D:7)
  14 orcs
  A giant cockroach (D:1)
  A goblin (D:2)
  A hobgoblin (D:1)
  A kobold (D:2)
  5 quokkas
  4 bats
  A giant gecko skeleton (D:8)
  3 rats
68 creatures vanquished.

Notes
Turn   | Place    | Note
-------+----------+-------------------------------------------
     0 | D:1      | Implojin the Minotaur Berserker began the quest for the Orb.
     0 | D:1      | Reached XP level 1. HP: 19/19 MP: 0/0
    94 | D:1      | Reached skill level 4 in Axes
   248 | D:2      | Reached XP level 2. HP: 24/26 MP: 1/1
   398 | D:4      | HP: 1/26 [orc priest/divine providence (11)]
   405 | D:4      | Reached ** piety under Trog
   405 | D:4      | Reached skill level 5 in Axes
   405 | D:4      | Reached XP level 3. HP: 16/31 MP: 2/2
   406 | D:4      | Reached skill level 6 in Axes
   406 | D:4      | Reached XP level 4. HP: 21/39 MP: 3/3
   485 | D:5      | Entered Level 5 of the Dungeon
   489 | D:6      | Found a staircase to the Ecumenical Temple.
   500 | D:6      | Noticed an orc warrior
   536 | D:6      | Killed an orc warrior
   536 | D:6      | Reached skill level 7 in Axes
   536 | D:6      | Reached XP level 5. HP: 20/45 MP: 4/4
   537 | D:6      | Reached skill level 8 in Axes
   540 | D:6      | Reached XP level 6. HP: 24/51 MP: 5/5
   688 | D:7      | Reached skill level 9 in Axes
   695 | D:7      | Reached XP level 7. HP: 37/57 MP: 6/6
   778 | D:7      | Reached skill level 10 in Axes
   783 | D:7      | Reached skill level 11 in Axes
   899 | D:8      | Reached XP level 8. HP: 64/64 MP: 7/7
  1086 | D:9      | Reached skill level 12 in Axes
  1108 | D:9      | Noticed a merfolk
  1115 | D:9      | Killed a merfolk
  1115 | D:9      | Reached skill level 5 in Fighting
  1162 | D:8      | Reached skill level 6 in Fighting
  1168 | D:8      | Noticed Akett's ghost (novice DgSk)
  1230 | D:8      | Reached skill level 7 in Fighting
  1241 | D:8      | Reached *** piety under Trog
  1246 | D:8      | Reached skill level 8 in Fighting
  1255 | D:8      | Slain by an orc warrior

Vault maps used:
D:1:      onia_arrival_larder, kennysheep_decorative_pillar
D:2:      ecumenical_altar_1, first_bread, uniq_crazy_yiuf_cottage
D:3:      fedhas_altar_2
D:4:      gup_sewer_entry_pipe, kennysheep_generic_room_16, uniq_duvessa
D:5:      serial_shops, shop
D:9:      bloody_trog, nicolae_overflow_hidden_temple, hangedman_fish_farm,
          gammafunk_pakellas_cloud_experiment

Skill      XL: |  1  2  3  4  5  6  7  8 |
---------------+-------------------------+-----
Axes           | 4 5 6 7 8 9 11 12 | 12.1
Fighting       | 8 |  8.3
Armour         | |  2.4
Dodging        | |  2.1

Action                   |  1- 3 |  4- 6 |  7- 9 || total
-------------------------+-------+-------+-------++-------
Melee: Hand axe          |    30 |       |       ||    30
       Headbutt          |     3 |     8 |    11 ||    22
       Broad axe         |     3 |    45 |    94 ||   142
Invok: Berserk           |     1 |     4 |     5 ||    10
       Trog's Hand       |       |       |     2 ||     2
  Use: Potion            |     1 |       |     3 ||     4
       Scroll            |       |       |     8 ||     8
 Stab: Invisible         |       |       |     8 ||     8
  Eat: Chunk             |       |     3 |     7 ||    10
Armor: Leather armour    |     2 |       |       ||     2
       Animal skin       |     1 |       |       ||     1
       Chain mail        |    10 |     8 |       ||    18
       Plate armour      |       |    12 |    56 ||    68
       Skin              |       |       |    33 ||    33
Dodge: Dodged            |    18 |    21 |    29 ||    68

Table legend:
 A = Turns spent in this place as a percentage of turns spent in the entire game.
 B = Non-inter-level travel turns spent in this place as a percentage of non-inter-level travel turns spent in the entire game.
 C = Inter-level travel turns spent in this place as a percentage of turns spent in this place.
 D = Turns resting spent in this place as a percentage of non-inter-level travel turns spent in this place.
 E = Turns spent auto-exploring this place as a percentage of non-inter-level travel turns spent in this place.
 F = Non-inter-level travel turns spent in this place divided by the number of levels of this place that you've seen.
                   A       B       C       D       E      F
               +-------+-------+-------+-------+-------+----------------------
         Total | 100.0 | 100.0 |   0.0 |   1.3 |   0.0 | 132.7
       Dungeon | 100.0 | 100.0 |   0.0 |   1.3 |   0.0 | 132.7
               +-------+-------+-------+-------+-------+----------------------

Table legend:
 A = Kills in this place as a percentage of kills in entire the game.
 B = Kills by you in this place as a percentage of kills by you in the entire game.
 C = Kills by friends in this place as a percentage of kills by friends in the entire game.
 D = Other kills in this place as a percentage of other kills in the entire game.
 E = Experience gained in this place as a percentage of experience gained in the entire game.
 F = Experience gained in this place divided by the number of levels of this place that you have seen.
                   A       B       C       D       E      F
               +-------+-------+-------+-------+-------+----------------------
         Total | 100.0 | 100.0 |  -nan |  -nan | 100.0 | 310.4
       Dungeon | 100.0 | 100.0 |  -nan |  -nan | 100.0 | 310.4
               +-------+-------+-------+-------+-------+----------------------
